AoeStats
← ngoodnight01

Black Forest

509341773Analyzed
2v2 RM · 7d ago on Sep 26, 2026· 56m 56s· 4 players
Game mode
Random Map
Map size
Medium (4 player)
Population
200
Speed
Normal
Resources
Standard
Victory
Conquest
Starting age
Dark Age
Ending age
Imperial Age
RankedLock teamsTeams togetherTeam positionsShared explorationLock speedFull tech treeHidden civsTurbo modeCheats
Victory
Defeat
🇮🇹 Slavs · Italy
573
+19
🇺🇸 Dravidians · United States
542
+20
🇩🇪 Vietnamese · Germany
644
-19
🇹🇷 Romans · Türkiye
642
-20
DODO
11:51 Feudal Age
13:11 Wheelbarrow
12:18 Horse Collar
12:54 Fishing Lines
21:16 Castle Age
22:19 Hand Cart
22:07 Heavy Plow
27:17 Caravan
28:32 Gillnets
34:03 Imperial Age
33:55 Double-Bit Axe
34:02 Gold Mining
34:05 Stone Mining
35:28 Crop Rotation
37:06 Forging
38:39 Heavy Scorpion
40:11 Gold Shaft Mining
40:38 Town Watch
43:53 Town Patrol
44:39 Bow Saw
49:13 Elite Centurion
50:52 Iron Casting
bobozius
13:19 Feudal Age
13:53 Double-Bit Axe
14:51 Arson
16:44 Horse Collar
19:17 Wheelbarrow
25:11 Castle Age
26:09 Bow Saw
26:04 Heavy Plow
26:32 Hand Cart
27:22 Stone Mining
27:28 Gold Mining
27:41 Caravan
27:57 Crossbowman
29:27 Elite Skirmisher
38:23 Imperial Age
36:10 Fletching
36:21 Padded Archer Armor
37:06 Town Watch
37:07 Loom
38:16 Stone Shaft Mining
37:29 Treadmill Crane
38:01 Bodkin Arrow
38:22 Leather Archer Armor
40:07 Chemistry
40:35 Paper Money
40:27 Town Patrol
40:49 Masonry
40:25 Arrowslits
43:06 Two-Man Saw
42:39 Crop Rotation
42:48 Bracer
43:19 Ring Archer Armor
42:30 Imperial Skirmisher
45:20 Elite Rattan Archer
57:02 Husbandry
56:23 Cavalier
56:23 Elite Battle Elephant
giodi86
0:36 Loom
14:09 Feudal Age
15:10 Double-Bit Axe
15:18 Horse Collar
15:43 Town Watch
17:16 Wheelbarrow
19:31 Stone Mining
21:05 Gold Mining
24:43 Castle Age
24:25 Fletching
24:42 Man-at-Arms
25:18 Fishing Lines
28:02 Caravan
28:39 Heavy Plow
28:59 Bow Saw
30:50 Hand Cart
30:59 Forging
31:06 Fortified Wall
31:50 Detinets
31:16 Pikeman
31:20 Crossbowman
33:03 Gold Shaft Mining
33:47 Scale Barding Armor
33:55 Masonry
35:09 Bloodlines
34:20 Light Cavalry
34:25 Elite Skirmisher
38:16 Imperial Age
37:11 Husbandry
37:30 Scale Mail Armor
37:31 Padded Archer Armor
37:57 Ballistics
37:34 Murder Holes
37:54 Squires
40:05 Hoardings
39:51 Conscription
39:31 Bodkin Arrow
40:27 Crop Rotation
41:06 Two-Man Saw
40:53 Elite Boyar
41:16 Onager
42:36 Chain Barding Armor
43:52 Iron Casting
44:17 Druzhina
45:34 Chemistry
45:29 Siege Onager
45:50 Halberdier
46:58 Hussar
48:01 Chain Mail Armor
48:26 Plate Barding Armor
ngoodnight01
0:43 Loom
15:03 Feudal Age
15:16 Man-at-Arms
17:51 Town Watch
26:13 Castle Age
26:59 Caravan
28:06 Long Swordsman
28:07 Pikeman
30:06 Crossbowman
47:12 Imperial Age
51:19 Halberdier
56:25 Squires
56:11 Arson
Connection lost

Rejoining the realm…

Still unreachable

The connection could not be restored.

Session expired

The server has moved on; the page needs a fresh start.